 Dungeon Crawl Stone Soup version 0.24-a0-715-g0b739ee41d (webtiles) character file.

Game seed: 15695754122480777203, levelgen mode: deterministic

64 Argons the Conjurer (level 3, 0/24 HPs)
             Began as a Demonspawn Conjurer on Sept 30, 2019.
             Slain by a goblin
             ... wielding a +0 club
              (1 damage)
             ... on level 1 of the Dungeon.
             The game lasted 00:10:53 (1737 turns).

Argons the Conjurer (Demonspawn Conjurer)           Turns: 1737, Time: 00:10:54

Health: 0/24       AC:  3    Str:  8    XL:     3   Next: 91%
Magic:  0/7        EV: 12    Int: 17    God:
Gold:   64         SH:  0    Dex: 13    Spells: 5/8 levels left

rFire    . . .     SeeInvis .   b - +0 dagger
rCold    . . .     Gourm    .   (no shield)
rNeg     . . .     Faith    .   a - +1 robe
rPois    .         Spirit   .   (no helmet)
rElec    .         Reflect  .   (no cloak)
rCorr    .         Harm     .   (no gloves)
MR       .....                  (no boots)
Stlth    ++........             (no amulet)
HPRegen  0.08/turn              (no ring)
MPRegen  0.10/turn              (no ring)

@: lethally poisoned (0 -> -4)
A: talons 1, powered by pain 1
a: no special abilities


You were on level 1 of the Dungeon.
You were hungry.

You visited 1 branch of the dungeon, and saw 3 of its levels.

You collected 64 gold pieces.

Inventory:

Hand Weapons
 b - a +0 dagger (weapon)
Armour
 a - a +1 robe (worn)
Jewellery
 m - a +4 amulet of reflection {unknown}
Scrolls
 e - a scroll of remove curse {unknown}
Potions
 d - 2 potions of heal wounds {unknown}
 j - a potion of curing
 l - a potion of brilliance {unknown}
Comestibles
 c - 3 rations


   Skills:
 - Level 1.7 Dodging
 - Level 1.7 Stealth
 - Level 3.0 Spellcasting
 + Level 4.9 Conjurations


You had 5 spell levels left.
You knew the following spells:

 Your Spells              Type           Power        Failure   Level  Hunger
a - Magic Dart            Conj           ###.         2%          1    None
b - Searing Ray           Conj           ###...       3%          2    ##.....

Your spell library contained the following spells:

 Spells                   Type           Power        Failure   Level  Hunger
 Dazzling Spray           Conj/Hex       ##....       19%         3    ###....
 Iskenderun's Mystic Bla  Conj           ###.....     22%         4    ####...
 Force Lance              Conj/Tloc      ##......     54%         4    ####...
 Fulminant Prism          Conj/Hex       ##........   54%         4    ####...


Dungeon Overview and Level Annotations

Branches:
Dungeon (3/15)

Altars:
Cheibriados


Innate Abilities, Weirdness & Mutations

You have sharp toenails.
You sometimes gain a little power by taking damage.


Message History

The adder is moderately wounded. (Press . to maintain the ray.)
The adder bites you.
* * * LOW HITPOINT WARNING * * *
You are poisoned.
The adder poisons you! The goblin hits you with a +0 club.
* * * LOW HITPOINT WARNING * * *
Casting: Searing Ray (safe; 3% risk of failure)
Confirm with . or Enter, or press ? or * to list all spells.
Aiming: Searing Ray (safe; 3% risk of failure)
Press: ? - help, Shift-Dir - straight line, f/p - adder
Aim: an adder (moderately wounded)
The searing ray misses the adder. (Press . to maintain the ray.)
You are feeling hungry.
* * * LOW HITPOINT WARNING * * *
You feel sick. The adder bites you.
* * * LOW HITPOINT WARNING * * *
The goblin hits you with a +0 club.
You die...

##.#.##............#
#...##............#
###############..##............#
.................##............#
...........####..#########.#####
...........#...#.# #.#
...........#.#.#.# #.##
...........#...#S# #..#
...........#...#@##########.#
...........(...#g##...##<.#.#
...............#S##...##..#.#
########.......#K.#'####..#.#
###.#.#.#....####..#.#
#...#)###.....##'#.# #####.#
##.......#.# #.# ####'#.....#
#.# #..(.#'#..##


You could see 2 adders, a goblin and a kobold.

Vanquished Creatures
  A gnoll (D:1)
  3 adders
  2 orcs (D:3)
  A ball python (D:1)
  4 bats
  2 giant cockroaches
  A goblin (D:1)
  2 hobgoblins (D:1)
  2 jackals (D:1)
  A frilled lizard (D:1)
  3 kobolds
  6 rats (D:1)
28 creatures vanquished.

Notes
Turn   | Place    | Note
-------+----------+-------------------------------------------
     0 | D:1      | Argons the Demonspawn Conjurer began the quest for the Orb.
     0 | D:1      | Reached XP level 1. HP: 13/13 MP: 3/3
   442 | D:1      | Gained mutation: You sometimes gain a little power by
                  | taking damage. [demonic ancestry]
   442 | D:1      | Reached XP level 2. HP: 19/19 MP: 1/5
   504 | D:1      | Learned a level 2 spell: Searing Ray
  1156 | D:1      | Gained mutation: You have sharp toenails. [demonic
                  | ancestry]
  1156 | D:1      | Reached XP level 3. HP: 24/24 MP: 4/7
  1325 | D:2      | Found a snail-covered altar of Cheibriados.
  1737 | D:1      | HP: 1/24 [adder (3)]
  1737 | D:1      | Slain by a goblin

Levels and vault maps discovered:
D:1:      dpeg_arrival_short_road, layout_basic, minmay_small_reverse_x
D:2:      layout_basic, cheibriados_altar_1
D:3:      layout_rooms, grunt_temple_overflow_open

Skill      XL: |  1  2  3 |
---------------+----------+-----
Spellcasting   | 3 |  3.0
Dodging        | |  1.7
Stealth        | |  1.7
Conjurations   | |  4.9

Action                   || total
-------------------------++-------
Melee: Dagger            ||    18
 Cast: Magic Dart        ||    64
       Searing Ray       ||     9
  Use: Scroll            ||     5
  Eat: Chunk             ||     3
Armor: Robe              ||     9
Dodge: Dodged            ||    29

Table legend:
 A = Non-vault XP
 B = Vault XP
 C = Vault XP percentage of total XP
 D = Non-vault monster count
 E = Vault monster count
 F = Vault count percentage of total count
                 A         B        C        D         E       F
            +---------+---------+-------+---------+---------+-------
      Total |      86 |       6 |   6.5 |      24 |       4 |  14.3
            +---------+---------+-------+---------+---------+-------
        D:1 |      48 |       6 |  11.1 |      17 |       4 |  19.0
        D:2 |      32 |       0 |   0.0 |       5 |       0 |   0.0
        D:3 |       6 |       0 |   0.0 |       2 |       0 |   0.0
            +---------+---------+-------+---------+---------+-------
